 Dungeon Crawl Stone Soup version 0.32-a0-630-g46d191b0ed (webtiles) character file.

Game seed: 8131809325344813264

67302 mopl the Unseen (level 15, -29/63 (75) HPs)
             Began as a Vine Stalker Enchanter on Mar 6, 2024.
             Was the Champion of Nemelex Xobeh.
             Killed from afar by Nergalle (32 damage)
             ... with a bolt of negative energy
             ... on level 12 of the Dungeon.
             The game lasted 00:48:15 (16553 turns).

mopl the Unseen (Vine Stalker Enchanter)           Turns: 16553, Time: 00:48:16

HP:   -29/63 (75)   AC:  9    Str: 11    XL:     15   Next: 22%
MP:   0/32          EV: 17    Int: 26    God:    Nemelex Xobeh [******]
Gold: 1113          SH:  0    Dex: 18    Spells: 25/38 levels left

rFire   + . .        a - +1 dagger (elec)
rCold   . . .        (no shield)
rNeg    . . .        I - +1 robe {rF+}
rPois   .            k - +0 helmet {Int+3}
rElec   +            (no cloak)
rCorr   .            j - +1 pair of gloves {Stlth+}
SInv    .            f - +2 pair of boots
Will    +++..        g - amulet of regeneration
Stlth   +++++++++    z - ring of Finality {rElec rF- rC+ Will++ EV+5}
HPRegen 1.90/turn    e - ring of Koffahun {Fire Int+2 Dex+2 Stlth+}
MPRegen 0.23/turn

%: guardian spirit
@: about to teleport, heavily drained
A: fangs 3, regeneration 1, magic shield, antimagic bite, no potion heal 2
a: Renounce Religion, Draw Escape, Draw Destruction, Draw Summoning, Triple
Draw, Deal Four, Stack Five


You were on level 12 of the Dungeon.
You worshipped Nemelex Xobeh.
Nemelex Xobeh was exalted by your worship.
You visited 3 branches of the dungeon, and saw 18 of its levels.
You visited 1 bazaar.
You also visited: Bailey, Gauntlet and Ice Cave.

You collected 1331 gold pieces.
You spent 218 gold pieces at shops.

Inventory:

Hand Weapons
 a - a +1 dagger of electrocution (weapon)
 r - a +0 rapier of venom
 M - the +8 whip "Snakebite" {venom, curare, rPois}
   (You found it on level 5 of the Lair of Beasts)

   rPois:     It protects you from poison.
Missiles
 s - 13 throwing nets
 v - 5 javelins
 D - 2 curare-tipped darts
 G - 24 poisoned darts
 H - 42 boomerangs
Armour
 f - a +2 pair of boots (worn)
 j - a +1 pair of gloves of stealth (worn)
 k - a +0 helmet of intelligence (worn)
 I - a +1 robe of fire resistance (worn)
Jewellery
 e - the ring of Koffahun (right hand) {Fire Int+2 Dex+2 Stlth+}
   (You found it in a Gauntlet)

   [ring of fire]

   Fire:      It enhances your fire magic.
   Int+2:     It affects your intelligence (+2).
   Dex+2:     It affects your dexterity (+2).
   rF+:       It protects you from fire.
   rC-:       It makes you vulnerable to cold.
   Stlth+:    It makes you more stealthy.
 g - an amulet of regeneration (around neck)
 o - a ring of see invisible
 z - the ring of Finality (left hand) {rElec rF- rC+ Will++ EV+5}
   (You found it in a Gauntlet)

   [ring of evasion]

   EV+5:      It affects your evasion (+5).
   rF-:       It makes you vulnerable to fire.
   rC+:       It protects you from cold.
   rElec:     It insulates you from electricity.
   Will++:    It greatly increases your willpower.
 J - a ring of willpower
 T - a ring of resist corrosion
Wands
 B - a wand of paralysis (15)
 C - a wand of digging (7)
 V - a wand of flame (8)
 Y - a wand of warping (21)
Scrolls
 h - a scroll of vulnerability {unknown}
 l - 4 scrolls of teleportation
 m - a scroll of revelation {unknown}
 n - 7 scrolls of immolation
 p - 2 scrolls of amnesia {unknown}
 t - 5 scrolls of fear {unknown}
 w - 6 scrolls of poison
 y - 4 scrolls of enchant weapon {unknown}
 E - a scroll of fog
 K - 3 scrolls of torment {unknown}
 N - a scroll of silence {!r}
 U - a scroll of blinking
Potions
 c - 3 potions of invisibility
 d - 5 potions of enlightenment
 i - 4 potions of magic
 q - 2 potions of resistance
 u - a potion of might
 x - 2 potions of berserk rage {!q}
 A - 2 potions of mutation {!q}
 F - 9 potions of curing
 L - a potion of attraction
 Q - a potion of cancellation
 R - a potion of haste
 W - 2 potions of ambrosia
 X - a potion of lignification {!q}


   Skills:
 + Level 7.2 Fighting
 + Level 8.6 Short Blades
 + Level 3.4 Throwing
 - Level 1.5 Dodging
 * Level 16.7 Stealth
 - Level 12.0 Spellcasting
 * Level 13.3 Hexes
 - Level 5.0 Translocations
 + Level 8.2 Invocations


You had 25 spell levels left.
You knew the following spells:

 Your Spells              Type           Power      Damage    Failure   Level
a - Dazzling Flash        Conj/Hex       100%       N/A       1%          3
b - Ensorcelled Hibernat  Hex/Ice        100%       N/A       1%          2
c - Confusing Touch       Hex            71%        N/A       1%          3
d - Tukima's Dance        Hex            71%        N/A       1%          3
e - Blink                 Tloc           82%        N/A       1%          2

Your spell library contained the following spells:

 Spells                   Type           Power      Damage    Failure   Level
 Jinxbite                 Hex            100%       N/A       1%          2
 Lesser Beckoning         Tloc           82%        N/A       1%          2
 Gell's Gravitas          Tloc           41%        N/A       1%          3
 Sigil of Binding         Hex            71%        N/A       1%          3
 Teleport Other           Tloc           41%        N/A       1%          3
 Dimensional Bullseye     Hex/Tloc       29%        N/A       1%          4
 Anguish                  Hex/Necr       25%        N/A       2%          4
 Kiss of Death            Conj/Necr      60%        2d10      3%          1
 Magic Dart               Conj           60%        1d6       3%          1
 Sting                    Conj/Alch      60%        1d6       3%          1
 Summon Small Mammal      Summ           60%        N/A       3%          1
 Call Imp                 Summ           30%        N/A       5%          2
 Scorch                   Fire           46%        2d6       5%          2
 Searing Ray              Conj           30%        2d5       5%          2
 Metabolic Englaciation   Hex/Ice        25%        N/A       7%          5
 Silence                  Hex/Air        25%        N/A       7%          5
 Summon Mana Viper        Hex/Summ       50%        N/A       7%          5
 Yara's Violent Unravell  Hex/Alch       25%        3d11      7%          5
 Call Canine Familiar     Summ           15%        N/A       11%         3
 Fugue of the Fallen      Necr           15%        N/A       11%         3
 Hailstorm                Conj/Ice       15%        3d6       11%         3
 Mephitic Cloud           Conj/Alch/Air  15%        N/A       11%         3
 Ozocubu's Armour         Ice            15%        N/A       11%         3
 Stone Arrow              Conj/Erth      30%        3d8       11%         3
 Summon Ice Beast         Ice/Summ       15%        N/A       11%         3
 Iskenderun's Mystic Bla  Conj/Tloc      28%        2d7       13%         4
 Enfeeble                 Hex            35%        N/A       13%         7
 Animate Armour           Summ/Erth      30%        N/A       36%         4
 Animate Dead             Necr           15%        N/A       36%         4
 Brom's Barrelling Bould  Conj/Erth      15%        2d4       36%         4
 Flame Wave               Conj/Fire      23%        2d8       36%         4
 Summon Blazeheart Golem  Fire/Summ      23%        N/A       36%         4
 Dispersal                Tloc           20%        N/A       58%         6
 Borgnjor's Vile Clutch   Necr/Erth      7%         N/A       71%         5
 Curse of Agony           Necr           15%        N/A       71%         5
 Fireball                 Conj/Fire      11%        3d7       71%         5
 Iskenderun's Battlesphe  Conj           15%        2d7       71%         5
 Discord                  Hex            35%        N/A       71%         8
 Conjure Ball Lightning   Conj/Air       7%         3x3d6     99%         6
 Death Channel            Necr           7%         N/A       99%         6
 Sculpt Simulacrum        Ice/Alch       7%         N/A       99%         6
 Starburst                Conj/Fire      11%        6d5       99%         6
 Summon Cactus Giant      Summ           7%         N/A       99%         6
 Orb of Destruction       Conj           7%         9d6       100%        7
 Disjunction              Tloc           20%        N/A       100%        8


Dungeon Overview and Level Annotations

Branches:
Dungeon (12/15)            Temple (1/1) D:5            Lair (5/5) D:8
 Shoals (0/4) Lair:3        Snake (0/4) Lair:2        Slime (0/5) Lair:5
    Orc (0/2) D:10         Bailey (visited)           IceCv (visited)
Gauntlet (visited)

Altars:
Ashenzari
Cheibriados
Dithmenos
Elyvilon
Fedhas
Gozag
Hepliaklqana
Kikubaaqudgha
Makhleb
Nemelex Xobeh
Okawaru
Qazlal
Ru
Sif Muna
Trog
Uskayaw
Vehumet
Wu Jian
Xom
Yredelemnul
Zin
The Shining One
Jiyva

Shops:
D:5 *:   D:7 *   D:8 ::

Annotations:
D:12 Nergalle


Innate Abilities, Weirdness & Mutations

You have razor-sharp teeth.
Your natural rate of healing is unusually fast.
When hurt, damage is shared between your health and your magic reserves.
Your bite disrupts and absorbs the magic of your enemies.
Potions cannot restore your health.


Message History

You kill the necromancer!
Nergalle misses you.
The gargoyle hurls a stone arrow at you.
The stone arrow hits you!!
The air fills with toxic fumes!
As you read the scroll labelled WOERAXK UFUSUD, it crumbles to dust.
It was a scroll of poison.
The spectral orc warrior misses you.
The spectral orc knight hits you from afar with a +0 halberd!
You feel drained.
The spectral orc warrior closely misses you.
Nergalle hits you but does no damage.
The gargoyle hits you with a +0 mace of protection.
Unknown command.
As you read the scroll labelled ZUCOFE JAUSIAV, it crumbles to dust.
You feel strangely unstable.
It was a scroll of teleportation.
The spectral orc warrior misses you.
The spectral orc knight hits you from afar with a +0 halberd!
* * * LOW HITPOINT WARNING * * *
The spectral orc warrior barely misses you.
Nergalle gestures at you while chanting.
The bolt of negative energy hits you!
You feel drained.
* * * LOW HITPOINT WARNING * * *
The gargoyle closely misses you.
Casting: Dazzling Flash (safe; 1% risk of failure)
Confirm with . or Enter, or press ? or * to list all spells.
Casting: Dazzling Flash (safe; 1% risk of failure)
Press: ? - help, Dir - look around, f - activate Nergalle is dazzled.
The spectral orc warrior hits you with a +0 trident.
* * * LOW HITPOINT WARNING * * *
You feel drained.
* * * LOW HITPOINT WARNING * * *
The spectral orc knight completely misses you.
The spectral orc warrior hits you from afar with a +0 trident.
* * * LOW HITPOINT WARNING * * *
Nergalle casts a spell at you. The bolt of negative energy hits you!!
You feel drained.
Ouch! That really hurt!
You die...
Your body disappears without a glow.

..####
#P..............###
###
#P............P...##
#
####......P........##
####.....P.P...).#
#P###.......)...#
#§§§###.........#
#§§§§§###...P...#
§§§#§§o§§§§##P.....#
§§§§§§§@ZZ§§##.P...#
##§§§Z9§##§§§##....#
###P####...§§##.P.# #
#........§##PP#
#.........P#
#########'#####
##............P#
#P....†)......##
#####'############


You could see Nergalle (blind, unable to see you), 2 spectral orc warriors, a
spectral orc knight (summoned) and a gargoyle.

Vanquished Creatures
  Gastronok (Lair:2)
  Harold (D:11)
  2 hydras (Lair:4)
  3 centaur warriors (D:12)
  3 two-headed ogres
  4 death yaks
  A skyshark (Lair:5)
  2 spectral death yaks (Lair:5)
  A skeletal warrior (D:12)
  An obsidian statue (Lair:5)
  Pikel (D:8)
  4 harpies (D:12)
  7 necromancers
  An orc knight (Bailey)
  A wolf spider (D:12)
  An ugly thing (D:10)
  4 cyclopes
  17 elephants
  A large abomination (Gauntlet)
  A manticore (D:11)
  A dire elephant zombie (Lair:5)
  2 black mambas (Lair:3)
  An ice statue (IceCv)
  5 gargoyles
  A torpor snail (Lair:2)
  9 cane toads
  3 freezing wraiths
  6 komodo dragons
  An anaconda simulacrum (IceCv)
  2 rime drakes
  3 unseen horrors
  4 trolls
  2 polar bears
  4 hornets
  4 harpy zombies (D:12)
  A spectral elephant (Lair:5)
  9 blink frogs
  A shadow (D:10)
  8 slime creatures
  A vampire (D:10)
  5 wyverns
  3 wraiths
  42 yaks
  3 basilisks
  A death yak simulacrum (IceCv)
  A redback (D:12)
  2 spectral cane toads (Lair:5)
  5 vampire mosquitoes
  3 acid dragons
  11 water moccasins
  10 orc warriors
  2 elephant zombies (Lair:5)
  5 ice beasts
  An ogre (D:6)
  2 small abominations (Gauntlet)
  12 wolves
  10 black bears
  8 centaurs
  3 lemures (D:8)
  An elephant skeleton (Lair:5)
  A phantom (D:4)
  4 kobold brigands
  10 bullfrogs
  A gnoll sergeant (D:10)
  2 cane toad simulacra (IceCv)
  4 scorpions
  17 killer bees
  A jelly (D:6)
  3 crimson imps (D:6)
  A howler monkey (D:11)
  2 bombardier beetles
  2 gnoll boudas
  A sleepcap (D:6)
  3 orc priests
  5 hounds
  4 iguanas
  10 hell rats (Lair:1)
  11 orc wizards
  2 wolf simulacra (IceCv)
  4 adders
  21 gnolls
  13 river rats (Lair:1)
  A white imp (D:8)
  3 ribbon worms (D:2)
  45 orcs
  7 bats
  10 endoplasms
  2 giant cockroaches
  13 goblins
  9 hobgoblins
  8 jackals
  25 kobolds
  6 quokkas
  5 ball pythons
  13 rats
524 creatures vanquished.

Vanquished Creatures (collateral kills)
  A minotaur (Gauntlet)
  A dire elephant (Gauntlet)
  A two-headed ogre (D:11)
  A spectral dire elephant (Lair:5)
  A spectral death yak (Lair:5)
  A spectral anaconda (Lair:5)
  An orc knight (Bailey)
  An ugly thing (IceCv)
  A steelbarb worm (Lair:5)
  A large abomination (Gauntlet)
  2 ice statues (IceCv)
  An elephant (Lair:5)
  An anaconda simulacrum (IceCv)
  A tyrant leech (Lair:5)
  A small abomination (Gauntlet)
  A hydra simulacrum (IceCv)
  2 orc warriors
  2 orcs (D:10)
21 creatures vanquished.

Vanquished Creatures (others)
  4 dancing weapons
  An orc wizard (D:11)
5 creatures vanquished.

Grand Total: 550 creatures vanquished

Notes
Turn   | Place    | Note
-------+----------+-------------------------------------------
     0 | D:1      | mopl the Vine Stalker Enchanter began the quest for the
                  | Orb.
     0 | D:1      | Reached XP level 1. HP: 9/9 MP: 4/4
    21 | D:1      | Reached skill level 1 in Short Blades
    78 | D:1      | Reached XP level 2. HP: 13/13 MP: 6/6
    81 | D:1      | Learned a level 2 spell: Ensorcelled Hibernation
   215 | D:1      | Reached skill level 4 in Stealth
   308 | D:1      | Found a faded altar of an unknown god.
   733 | D:2      | Reached XP level 3. HP: 14/16 MP: 2/7
   739 | D:2      | Learned a level 3 spell: Confusing Touch
   873 | D:2      | Reached XP level 4. HP: 21/21 MP: 5/9
   877 | D:2      | Learned a level 3 spell: Tukima's Dance
  1006 | D:2      | Reached skill level 3 in Spellcasting
  2450 | D:4      | Reached XP level 5. HP: 24/24 MP: 10/10
  2474 | D:4      | Noticed a phantom
  2475 | D:4      | Learned a level 2 spell: Blink
  2516 | D:4      | Killed a phantom
  2517 | D:4      | Reached skill level 5 in Stealth
  2517 | D:4      | Reached skill level 4 in Hexes
  2616 | D:4      | Reached skill level 2 in Short Blades
  2616 | D:4      | Reached XP level 6. HP: 28/28 MP: 12/12
  2664 | D:4      | Reached skill level 1 in Translocations
  3125 | D:4      | Found Fenirch's Distillery.
  3147 | D:4      | Reached skill level 4 in Spellcasting
  3231 | D:5      | Entered Level 5 of the Dungeon
  3236 | D:5      | Learned a level 3 spell: Dazzling Flash
  3348 | D:5      | Noticed a black bear
  3386 | D:5      | Killed a black bear
  3387 | D:5      | Reached skill level 6 in Stealth
  3387 | D:5      | Reached XP level 7. HP: 32/32 MP: 9/14
  3519 | D:5      | Found a staircase to the Ecumenical Temple.
  3525 | D:5      | Found Ocwos's Book Boutique.
  3556 | D:5      | Found a shimmering blue altar of Sif Muna.
  3558 | D:5      | Found a shadowy altar of Dithmenos.
  3612 | D:5      | Found Juoreufi's Elemental Accessories.
  3807 | Temple   | Entered the Ecumenical Temple
  3890 | D:6      | Reached skill level 5 in Hexes
  3928 | D:6      | Reached skill level 2 in Translocations
  4093 | D:6      | Reached skill level 7 in Stealth
  4093 | D:6      | Gained mutation: You have razor-sharp teeth. [Vine Stalker
                  | growth]
  4093 | D:6      | Reached XP level 8. HP: 36/36 MP: 4/16
  4096 | D:6      | Noticed a troll
  4098 | D:6      | Reached skill level 3 in Short Blades
  4098 | D:6      | Reached skill level 5 in Spellcasting
  4117 | D:6      | Killed a troll
  4268 | D:6      | Reached skill level 6 in Hexes
  4524 | D:6      | Found a sparkling altar of Nemelex Xobeh.
  4668 | D:6      | Got Busenauf's Codex of Scintillating Fate
  4708 | D:6      | Became a worshipper of Nemelex Xobeh the Trickster
  4962 | D:6      | Found a shimmering altar of Xom.
  4996 | D:6      | Reached skill level 3 in Translocations
  5057 | D:7      | Noticed a yak
  5057 | D:7      | Noticed a yak
  5076 | D:7      | Killed a yak
  5077 | D:7      | Reached skill level 8 in Stealth
  5084 | D:7      | Found Niyrgh's Needful Niceties.
  5094 | D:7      | Bought a scroll of noise for 16 gold pieces
  5150 | D:7      | Reached skill level 1 in Invocations
  5150 | D:7      | Reached XP level 9. HP: 39/39 MP: 18/18
  5173 | D:7      | Found a flagged portal.
  5247 | Bailey   | Entered a bailey
  5257 | Bailey   | Noticed an orc knight
  5295 | Bailey   | Reached skill level 6 in Spellcasting
  5440 | Bailey   | Killed an orc knight
  5446 | Bailey   | Noticed an orc knight
  5480 | Bailey   | Killed an orc knight
  5481 | Bailey   | Reached skill level 4 in Short Blades
  5481 | Bailey   | Reached skill level 9 in Stealth
  5481 | Bailey   | Reached skill level 7 in Hexes
  5481 | Bailey   | Reached skill level 2 in Invocations
  5488 | Bailey   | Reached skill level 4 in Translocations
  5752 | D:7      | Reached skill level 7 in Spellcasting
  5804 | D:7      | Reached XP level 10. HP: 44/44 MP: 21/21
  5851 | D:7      | Reached * piety under Nemelex Xobeh
  6028 | D:7      | Reached skill level 10 in Stealth
  6028 | D:7      | Reached skill level 3 in Invocations
  6062 | D:7      | Found a broken altar of Ashenzari.
  6139 | D:7      | Found a white marble altar of Elyvilon.
  6443 | D:8      | Noticed Pikel
  6462 | D:8      | Killed Pikel
  6463 | D:8      | Reached skill level 8 in Hexes
  6650 | D:8      | Received a gift from Nemelex Xobeh
  6661 | D:8      | Found Ruiqujoi's Vocational Training.
  6665 | D:8      | Reached skill level 1 in Fighting
  6718 | D:8      | Found Caciguc's Book Emporium.
  6951 | D:8      | Reached skill level 8 in Spellcasting
  6953 | D:8      | Reached skill level 5 in Short Blades
  6963 | D:8      | Found a staircase to the Lair.
  7144 | D:9      | Noticed a two-headed ogre
  7150 | D:9      | Killed a two-headed ogre
  7151 | D:9      | Reached skill level 5 in Translocations
  7151 | D:9      | Reached XP level 11. HP: 50/50 MP: 13/24
  7203 | D:9      | Reached skill level 11 in Stealth
  7243 | D:9      | Reached ** piety under Nemelex Xobeh
  7319 | D:9      | Reached skill level 2 in Fighting
  7332 | D:9      | Reached skill level 4 in Invocations
  7394 | D:9      | Received a gift from Nemelex Xobeh
  7683 | D:9      | Reached skill level 9 in Hexes
  7831 | D:9      | Found a glowing silver altar of Zin.
  7903 | D:10     | Entered Level 10 of the Dungeon
  8062 | D:10     | Found a staircase to the Orcish Mines.
  8104 | D:10     | Received a gift from Nemelex Xobeh
  8132 | D:10     | Reached skill level 9 in Spellcasting
  8172 | D:10     | Found a radiant altar of Vehumet.
  8288 | D:10     | Reached skill level 3 in Fighting
  8323 | D:10     | Noticed a two-headed ogre
  8345 | D:10     | Killed a two-headed ogre
  8346 | D:10     | Reached skill level 12 in Stealth
  8361 | D:10     | Reached *** piety under Nemelex Xobeh
  8420 | D:10     | Found an iron altar of Okawaru.
  8564 | D:10     | Found an ancient bone altar of Kikubaaqudgha.
  8707 | D:11     | Received a gift from Nemelex Xobeh
  8749 | D:11     | Noticed Harold
  8758 | D:11     | Killed Harold
  8892 | D:11     | Found a flickering gateway to a bazaar.
  8898 | Bazaar   | Entered a bazaar
  8898 | Bazaar   | Found Monuni's Weapon Boutique.
  8898 | Bazaar   | Found Pitoqoer's Weapon Shop.
  8898 | Bazaar   | Found Fuquku's Antique Armour Shop.
  8908 | Bazaar   | Bought 5 atropa-tipped darts for 45 gold pieces
  8913 | Bazaar   | Bought a pair of glowing gloves for 157 gold pieces
  9106 | D:11     | Noticed a cyclops
  9117 | D:11     | Killed a cyclops
  9118 | D:11     | Reached skill level 5 in Invocations
  9118 | D:11     | Reached XP level 12. HP: 50/56 MP: 10/26
  9123 | D:11     | Reached skill level 6 in Short Blades
  9205 | D:11     | Noticed a two-headed ogre
  9366 | D:10     | Reached skill level 10 in Hexes
  9536 | D:11     | Reached skill level 4 in Fighting
  9583 | D:11     | Received a gift from Nemelex Xobeh
  9775 | D:11     | Killed a two-headed ogre
  9903 | D:10     | Reached skill level 13 in Stealth
  9903 | D:10     | Reached skill level 10 in Spellcasting
  9981 | Lair:1   | Entered Level 1 of the Lair of Beasts
 10115 | Lair:1   | Reached **** piety under Nemelex Xobeh
 10115 | Lair:1   | Received a gift from Nemelex Xobeh
 10122 | Lair:1   | Found a gate leading to a gauntlet.
 10131 | Gauntlet | Entered a Gauntlet
 10131 | Gauntlet | Found a transporter.
 10131 | Gauntlet | Found a transporter.
 10147 | Gauntlet | Found a transporter.
 10151 | Gauntlet | Found a transporter.
 10160 | Gauntlet | Noticed a hell hog
 10165 | Gauntlet | Found a transporter.
 10165 | Gauntlet | Found a transporter.
 10173 | Gauntlet | Received a gift from Nemelex Xobeh
 10179 | Gauntlet | Found a transporter.
 10200 | Gauntlet | Found a transporter.
 10202 | Gauntlet | Noticed a dire elephant
 10221 | Gauntlet | Found a transporter.
 10222 | Gauntlet | Found a transporter.
 10236 | Gauntlet | Found a transporter.
 10240 | Gauntlet | Found a transporter.
 10323 | Gauntlet | Identified the ring of Koffahun {Fire Int+2 Dex+2 Stlth+}
 10463 | Gauntlet | Identified the -1 trident of the Owl {vamp, rF+ rCorr
                  | Stlth+}
 10475 | Gauntlet | Killed a dire elephant
 10476 | Gauntlet | Reached skill level 6 in Invocations
 10497 | Gauntlet | Noticed a minotaur
 10517 | Gauntlet | Killed a minotaur
 10518 | Gauntlet | Reached XP level 13. HP: 63/63 MP: 18/28
 10528 | Gauntlet | Identified the ring of Finality {rElec rF- rC+ Will++ EV+5}
 10529 | Gauntlet | Got the Treatise on the Shot
 10661 | Lair:1   | Reached skill level 11 in Hexes
 10915 | Lair:1   | Reached skill level 5 in Fighting
 10915 | Lair:1   | Reached skill level 14 in Stealth
 11095 | Lair:1   | Reached skill level 7 in Short Blades
 11688 | Lair:2   | Reached skill level 11 in Spellcasting
 11711 | Lair:2   | Noticed Gastronok
 11722 | Lair:2   | Reached ***** piety under Nemelex Xobeh
 11724 | Lair:2   | Found a staircase to the Snake Pit.
 11822 | Lair:2   | Found a frozen archway.
 11826 | IceCv    | Entered an ice cave
 11900 | IceCv    | Identified the -2 helmet of Wonder {Str+4}
 12057 | IceCv    | Received a gift from Nemelex Xobeh
 12076 | IceCv    | Got the Codex of the Refulgent Quarry
 12282 | Lair:2   | Received a gift from Nemelex Xobeh
 12378 | Lair:2   | Killed Gastronok
 12974 | Lair:3   | Found a staircase to the Shoals.
 13382 | Lair:4   | Reached skill level 15 in Stealth
 13382 | Lair:4   | Reached skill level 7 in Invocations
 13386 | Lair:4   | Reached skill level 12 in Hexes
 13386 | Lair:4   | Reached XP level 14. HP: 69/69 MP: 21/30
 13467 | Lair:4   | Reached skill level 6 in Fighting
 13657 | Lair:4   | Received a gift from Nemelex Xobeh
 14048 | Lair:5   | Entered Level 5 of the Lair of Beasts
 14144 | Lair:5   | Reached skill level 12 in Spellcasting
 14244 | Lair:5   | Found a viscous altar of Jiyva.
 14249 | Lair:5   | Found a staircase to the Slime Pits.
 14265 | Lair:5   | Received a gift from Nemelex Xobeh
 14430 | Lair:5   | Reached skill level 1 in Throwing
 14463 | Lair:5   | Reached ****** piety under Nemelex Xobeh
 14706 | Lair:5   | Noticed a dire elephant
 14707 | Lair:5   | Noticed a dire elephant
 14814 | Lair:5   | Reached skill level 8 in Short Blades
 15043 | Lair:5   | Found the +8 whip "Snakebite" {venom, curare, rPois}
 15177 | Lair:5   | Reached skill level 2 in Throwing
 15287 | Lair:5   | Reached skill level 16 in Stealth
 15401 | Lair:5   | a dire elephant changed into a steelbarb worm
 15401 | Lair:5   | a dire elephant changed into a tyrant leech
 15431 | Lair:5   | Identified the +2 robe of Lies {Str+5 Stlth-}
 15904 | D:12     | Received a gift from Nemelex Xobeh
 16091 | D:11     | Reached skill level 13 in Hexes
 16258 | D:12     | Reached skill level 8 in Invocations
 16261 | D:12     | Reached XP level 15. HP: 74/74 MP: 20/32
 16312 | D:12     | Reached skill level 3 in Throwing
 16338 | D:12     | Reached skill level 7 in Fighting
 16387 | D:12     | Identified the +4 orcbow of the Eternal Warrior {speed,
                  | rPois rN+}
 16395 | D:12     | Found an ornate altar of the Wu Jian Council.
 16540 | D:12     | Noticed Nergalle
 16553 | D:12     | HP: 3/67 [spectral orc warrior/+0 trident[Nergalle] (1)]
 16553 | D:12     | Killed from afar by Nergalle

Illustrated notes

Levels and vault maps discovered:
D:1:      saegor_arrival_miasma, layout_loops_ring,
          dreamdust_ecumenical_altar_grove
D:2:      layout_basic
D:3:      layout_loops_corners
D:4:      layout_basic, serial_shops, shop
D:5:      layout_gridville, minitemple, minmay_temple_entry_wispy, serial_shops,
          shop_statue, nicolae_elemental_shop
D:6:      layout_loops_corners, led_xom_imps, mainiacjoe_overflow_tiny_flanked,
          kennysheep_generic_room_3
D:7:      layout_basic, mainiacjoe_overflow_alcove_4,
          mainiacjoe_overflow_cross_hatched, enter_bailey_5,
          supply_closet_lemuel, nicolae_alphabet_shops,
          minmay_tree_intersection, dreamdust_gnoll_shepherd
D:8:      layout_rooms, erik_lair_dragon, serial_shops, shop,
          nicolae_shop_vocational, uniq_pikel
D:9:      layout_loops_ring, zin_academy, item_on_display_a
D:10:     layout_rooms, nicolae_vehumet_altar_sigil, old_standard_altar,
          okawaru_altar_gauntlet_db, david_orc_4
D:11:     minmay_four_partial_circles, layout_cave_pods, serial_shops,
          bzr_entry_safe, nicolae_tricolors, uniq_harold
D:12:     bobbens_index_wilting_gardens, layout_cross,
          nicolae_wu_jian_wuxing_cycle, uniq_josephine, uniq_nergalle
Temple:   nicolae_temple_bog_church
Lair:1:   lemuel_ratsnest, layout_cave_pods, gauntlet_entry_generic,
          beast_lair_carwin_8, lemuel_fruit_fields
Lair:2:   layout_roguey, dummy_snake_entry, portal_ice_cave_entry_pillars_2,
          chequers_serial_rivers_small_b, uniq_gastronok
Lair:3:   layout_long_grid, minmay_shoals_entry_centaurs,
          infiniplex_staircase_pool_2
Lair:4:   layout_roguey, minivault_26, lemuel_fruit_fields
Lair:5:   due_jungle_book, layout_loops_ring, slime_entry_1,
          gammafunk_lair_bear_cave

Skill      XL: |  1  2  3  4  5  6  7  8  9 10 11 12 13 14 15 |
---------------+----------------------------------------------+-----
Short Blades   | 1 2 3 4 5 6 7 8 |  8.6
Stealth        | 4 5 6 7 8 9 10 12 13 15 16 | 16.7
Spellcasting   | 3 4 5 7 8 9 10 11 12 | 12.0
Hexes          | 4 5 6 7 8 9 10 12 13 | 13.3
Translocations | 1 2 3 4 5 |  5.0
Invocations    | 1 2 3 5 6 7 8 |  8.2
Fighting       | 1 3 4 5 6 7 |  7.2
Throwing       | 2 3 |  3.4
Dodging        | |  1.5

Action                     |  1- 3 |  4- 6 |  7- 9 | 10-12 | 13-15 || total
---------------------------+-------+-------+-------+-------+-------++-------
  Melee: Dagger            |    97 |   164 |   349 |   562 |   808 ||  1980
         Bite              |    19 |    45 |   124 |   180 |   313 ||   681
   Cast: Ensorcelled Hiber |     4 |     9 |    25 |   115 |   114 ||   267
         Confusing Touch   |       |     1 |     3 |    16 |    18 ||    38
         Tukima's Dance    |       |       |     4 |     8 |     2 ||    14
         Dazzling Flash    |       |       |       |     1 |     8 ||     9
         Blink             |       |       |       |     3 |     1 ||     4
 Invoke: Draw Summoning    |       |       |       |     7 |     7 ||    14
         Draw Destruction  |       |       |       |     6 |    16 ||    22
  Evoke: Wand              |       |       |     2 |     1 |     2 ||     5
    Use: Potion            |       |       |     1 |     1 |     1 ||     3
         Scroll            |       |       |       |    14 |     6 ||    20
   Stab: Sleeping          |     9 |    16 |    13 |    73 |   112 ||   223
         Distracted        |       |     1 |       |     1 |     2 ||     4
         Confused          |       |     1 |     4 |    11 |    17 ||    33
         Paralysed         |       |       |     1 |       |     1 ||     2
         Invisible         |       |       |       |    10 |     5 ||    15
 Armour: Robe              |    63 |    96 |   212 |   324 |   397 ||  1092
         Troll leather arm |       |       |     3 |       |       ||     3
  Dodge: Dodged            |    82 |   100 |   205 |   454 |   551 ||  1392

Table legend: (Time is in decaauts)
 A = Elapsed time spent in this place.
 B = Non-inter-level travel time spent in this place.
 C = Inter-level travel time spent in this place.
 D = Time resting spent in this place.
 E = Time spent auto-exploring this place.
 F = Levels seen in this place.
 G = Mean time per level.
                   A        B        C        D        E       F      G
               +--------+--------+--------+--------+--------+-----+--------+
         Total |  16065 |  15037 |   1028 |    412 |   8903 |  22 |  730.2 |
       Dungeon |  10063 |   9395 |    668 |    146 |   6063 |  12 |  838.6 |
        Temple |      1 |      1 |      0 |      0 |      0 |   1 |    1.0 |
          Lair |   4892 |   4533 |    359 |    153 |   2736 |   5 |  978.4 |
        Bazaar |     29 |     29 |      0 |      0 |      7 |   1 |   29.0 |
        Bailey |    409 |    409 |      0 |      0 |     95 |   1 |  409.0 |
      Ice Cave |    270 |    270 |      0 |      0 |      0 |   1 |  270.0 |
      Gauntlet |    397 |    397 |      0 |    113 |      0 |   1 |  397.0 |
               +--------+--------+--------+--------+--------+-----+--------+

Top non-repeatable levels by time:
  Lair:5: 1538 daAuts
  Lair:1: 1268 daAuts
     D:6: 1122 daAuts
    D:11: 1070 daAuts
     D:8: 948 daAuts
     D:2: 888 daAuts
    D:10: 868 daAuts
     D:9: 809 daAuts
     D:7: 795 daAuts
     D:4: 794 daAuts
  Lair:4: 779 daAuts
     D:3: 771 daAuts
     D:1: 760 daAuts
  Lair:2: 688 daAuts
     D:5: 659 daAuts
